 Dungeon Crawl Stone Soup version 0.26.1-10-gdfb7c7de75 (webtiles) character file.

Game seed: 12551886476398264759

76 Almogavar the Shield-Bearer (level 4, -2/29 HPs)
             Began as a Gargoyle Fighter on Apr 12, 2021.
             Killed by divine providence
             ... invoked by an orc priest
              (10 damage)
             ... on level 2 of the Dungeon.
             The game lasted 00:05:55 (3294 turns).

Almogavar the Shield-Bearer (Gargoyle Fighter)      Turns: 3294, Time: 00:05:56

Health: -2/29      AC: 10    Str: 21    XL:     4   Next: 32%
Magic:  4/4        EV:  7    Int:  8    God:
Gold:   163        SH:  9    Dex:  9    Spells: 3/3 levels left

rFire    . . .     SeeInvis .   a - +0 flail
rCold    + . .     Faith    .   c - +0 kite shield
rNeg     + . .     Spirit   .   b - +0 scale mail
rPois    ∞         Reflect  .   (no helmet)
rElec    +         Harm     .   (no cloak)
rCorr    .         Rampage  .   (no gloves)
Will     +....     Rnd*Tele +   (no boots)
Stlth    ..........             (no amulet)
HPRegen  0.09/turn              n - ring of protection from cold
MPRegen  0.09/turn              f - ring of willpower

@: no status effects
A: fangs 1, talons 1, negative energy resistance 1, electricity resistance,
teleportitis 1, unbreathing, petrification resistance, miasma immunity, AC +3
a: no special abilities


You were on level 2 of the Dungeon.
You visited 1 branch of the dungeon, and saw 3 of its levels.

You collected 163 gold pieces.

Inventory:

Hand Weapons
 a - a +0 flail (weapon)
Missiles
 i - 50 bolts
Armour
 b - a +0 scale mail (worn)
 c - a +0 kite shield (worn)
Jewellery
 e - an uncursed ring of fire
 f - a ring of willpower (right hand)
 n - a ring of protection from cold (left hand)
 o - an uncursed ring of willpower
Scrolls
 g - 3 scrolls of fear
 j - 2 scrolls of fog
 k - a scroll of enchant weapon {unknown}
 l - 2 scrolls of teleportation
 m - a scroll of amnesia {unknown}
Potions
 d - a potion of might
 h - a potion of mutation
 p - a potion of brilliance
 r - a potion of lignification {unknown}


   Skills:
 + Level 3.6 Fighting
 + Level 2.7 Maces & Flails
 + Level 3.8 Armour
 + Level 0.4 Dodging
 + Level 4.1 Shields


You had 3 spell levels left.
You didn't know any spells.
Your spell library was empty.

Dungeon Overview and Level Annotations

Branches:
Dungeon (3/15)

Altars:
Hepliaklqana
Trog


Innate Abilities, Weirdness & Mutations

You are resistant to torment.
Your stone body is resilient. (AC +3)
You are immune to poison.
You resist negative energy. (rN+)
You are resistant to electric shocks. (rElec)
You can survive without breathing.
You are immune to petrification.
You are immune to miasma.
You have very sharp teeth.
You have sharp toenails.
You are occasionally teleported next to monsters.


Message History

You block the orc wizard's attack.
The orc priest hits you but does no damage.
You closely miss the orc priest.
The orc priest is moderately wounded.
The orc wizard barely misses you.
The orc priest hits you but does no damage.
The orc wizard gestures at you while chanting.
The puff of flame hits you.
* * * LOW HITPOINT WARNING * * *
You hit the orc priest but do no damage.
You claw the orc priest.
The orc priest is heavily wounded.
The orc priest closely misses you.
The orc wizard hits you but does no damage.
Unknown command.
You barely miss the orc priest. Your kick misses the orc priest.
The orc priest is heavily wounded.
The orc priest invokes the aid of Beogh against you.
Beogh smites you!
You die...

#.# #.# #.#.#
#.# ##.###.#
#.#.# #.#
.......# #.#.#
#.# ##.###.#
#.#.# ### #.#
#.# ###.#
##.###.# #.#
.......# #.###
##.##### #...#
...#
#.#@##########
####
#.o.o........#
##############


You could see an orc priest and an orc wizard.

Vanquished Creatures
  A white imp (D:2)
  3 orcs (D:3)
  2 giant cockroaches
  7 goblins
  13 hobgoblins
  6 jackals
  7 kobolds
  A ball python (D:3)
  5 bats
  8 frilled lizards
  9 rats
62 creatures vanquished.

Notes
Turn   | Place    | Note
-------+----------+-------------------------------------------
     0 | D:1      | Almogavar the Gargoyle Fighter began the quest for the Orb.
     0 | D:1      | Reached XP level 1. HP: 14/14 MP: 1/1
   274 | D:1      | Reached XP level 2. HP: 19/19 MP: 2/2
   622 | D:1      | Reached XP level 3. HP: 23/23 MP: 3/3
  2043 | D:2      | Reached skill level 4 in Shields
  2263 | D:2      | Found a hazy altar of Hepliaklqana.
  2527 | D:3      | Reached XP level 4. HP: 17/29 MP: 4/4
  2721 | D:3      | Found a bloodstained altar of Trog.
  2996 | D:3      | Gained mutation: You are occasionally teleported next to
                  | monsters. [potion of mutation]
  2996 | D:3      | Gained mutation: You have very sharp teeth. [potion of
                  | mutation]
  2996 | D:3      | Gained mutation: You have sharp toenails. [potion of
                  | mutation]
  3294 | D:2      | Killed from afar by an orc priest

Illustrated notes

Levels and vault maps discovered:
D:1:      co_arrival_hexagon_in_a_hexagon, layout_basic
D:2:      wad_lake_hut, layout_basic, nzn_hepliaklqana_mist_gate
D:3:      layout_loops_cross, trog_hazing_becter

Skill      XL: |  1  2  3 |
---------------+----------+-----
Shields        | 4 |  4.1
Fighting       | |  3.6
Maces & Flails | |  2.7
Armour         | |  3.8
Dodging        | |  0.4

Action                   |  1- 3 |  4- 6 || total
-------------------------+-------+-------++-------
Melee: Flail             |   186 |    53 ||   239
       Kick              |       |     1 ||     1
  Use: Scroll            |     4 |       ||     4
       Potion            |       |     2 ||     2
Armor: Scale mail        |   106 |    34 ||   140
Dodge: Dodged            |    49 |    20 ||    69
Block: Kite shield       |    91 |    30 ||   121
